 Dungeon Crawl Stone Soup version 0.22-a0-866-geee5034 (webtiles) character file.

1379 poirepourri the Thaumaturge (level 8, -16/41 HPs)
             Began as a Deep Elf Conjurer on July 28, 2018.
             Was an Initiate of Vehumet.
             Engulfed by a cloud of flame (20 damage)
             ... on level 5 of the Dungeon.
             The game lasted 00:06:58 (5260 turns).

poirepourri the Thaumaturge (Deep Elf Conjurer)     Turns: 5260, Time: 00:06:59

Health: -16/41     AC:  5    Str:  5    XL:     8   Next: 39%
Magic:  23/25      EV: 13    Int: 23    God:    Vehumet [......]
Gold:   281        SH:  0    Dex: 15    Spells: 12/30 levels left

rFire    . . .     SeeInvis .   a - +0 short sword
rCold    . . .     Gourm    .   (no shield)
rNeg     . . .     Faith    .   l - +0 robe
rPois    .         Spirit   .   g - +2 helmet
rElec    .         Reflect  .   (no cloak)
rCorr    .         Harm     .   (no gloves)
MR       .....                  (no boots)
Stlth    ++........             (no amulet)
HPRegen  0.13/turn              (no ring)
MPRegen  0.19/turn              (no ring)

@: no status effects
A: no striking features
a: Renounce Religion


You were on level 5 of the Dungeon.
You worshipped Vehumet.
Vehumet was noncommittal.
You were not hungry.

You visited 1 branch of the dungeon, and saw 5 of its levels.

You collected 281 gold pieces.

Inventory:

Hand Weapons
 a - a +0 short sword (weapon)
 b - a +0 blowgun
Missiles
 m - 26 poisoned needles
Armour
 g - a +2 helmet (worn)
 l - a +0 robe (worn)
Jewellery
 o - a +3 amulet of reflection {unknown}
Scrolls
 h - a scroll of remove curse
Potions
 d - a potion of invisibility
 e - a potion of heal wounds
 f - a potion of haste {unknown}
 i - a potion of berserk rage {unknown}
 j - 2 potions of flight
 k - 2 potions of curing
 n - a potion of magic {unknown}
Comestibles
 c - 5 rations


   Skills:
 - Level 2.4 Dodging
 - Level 2.4 Stealth
 + Level 11.6 Spellcasting
 - Level 7.3 Conjurations


You had 12 spell levels left.
You knew the following spells:

 Your Spells              Type           Power        Failure   Level  Hunger
a - Magic Dart            Conj           ####         1%          1    None
b - Searing Ray           Conj           #####.       1%          2    None
c - Dazzling Spray        Conj/Hex       ####..       3%          3    None
d - Iskenderun's Mystic   Conj           #####...     2%          4    None
e - Force Lance           Conj/Tloc      ####....     11%         4    None
f - Fulminant Prism       Conj/Hex       ####......   11%         4    None

Your spell library contained the following spells:

 Spells                   Type           Power        Failure   Level  Hunger


Dungeon Overview and Level Annotations

Branches:
Dungeon (5/15)
 Temple: D:4-7

Altars:
Cheibriados
Fedhas
Qazlal
Vehumet
Xom
Zin


Message History

A quokka zombie comes into view.
There is an open door here.
A quokka zombie is nearby!
As you read the scroll labeled NOS BYSCHUMI, it crumbles to dust.
The creatures around you are filled with an inner flame!
It was a scroll of immolation.
Casting: Iskenderun's Mystic Blast (safe; 2% risk of failure)
Confirm with . or Enter, or press ? or * to list all spells.
Aiming: Searing Ray (safe; 1% risk of failure)
Press: ? - help, Shift-Dir - straight line, f - quokka zombie
Aim: a quokka zombie (inner flame)
The searing ray hits the quokka zombie.
The quokka zombie explodes!
The fiery explosion engulfs you!
Ouch! That really hurt!
* * * LOW HITPOINT WARNING * * *
Vehumet accepts your kill. (Press . to maintain the ray.)
You are engulfed in blazing flames.
You die...

........# ##.....##..........#
.##.##..## ##.......#.##.#..#..#
#......###..........##....#(.#
.###.......+.......[.............
.........###..........##....#..##
######.#.# ##.......#..........#
###.# ##.....#####..####.#
#######.# ##...## #..# .#
#.......# ##@## #.####..##
#§§§....# ###...# #§#####.#
#.....# #.# #.#...# ..# # #.#.###
..# #.##.#.# ..# #......####.
##.. #####.........


There were no monsters in sight!

Vanquished Creatures
  Pikel (D:4)
  Grinder (D:3)
  3 slaves
  Blork the orc (D:4)
  A scorpion (D:4)
  A water moccasin skeleton (D:4)
  A hound (D:5)
  Jessica (D:2)
  Natasha (thrice) (D:3)
  3 orc wizards (D:5)
  5 worker ants
  Robin (D:2)
  3 gnolls (D:2)
  8 adders
  3 oozes
  An adder skeleton (D:5)
  A worm (D:3)
  2 dart slugs
  3 leopard geckos (D:1)
  13 orcs
  2 ball pythons
  9 bats
  4 giant cockroaches
  16 goblins
  8 hobgoblins
  4 jackals (D:3)
  5 quokkas
  5 frilled lizards
  12 kobolds
  A quokka zombie (D:5)
  4 rats
126 creatures vanquished.

Vanquished Creatures (others)
  2 fulminant prisms
2 creatures vanquished.

Grand Total: 128 creatures vanquished

Notes
Turn   | Place    | Note
-------+----------+-------------------------------------------
     0 | D:1      | poirepourri the Deep Elf Conjurer began the quest for the Orb.
     0 | D:1      | Reached XP level 1. HP: 10/10 MP: 6/6
   157 | D:1      | Reached skill level 4 in Spellcasting
   157 | D:1      | Reached XP level 2. HP: 15/15 MP: 1/9
   554 | D:1      | Reached XP level 3. HP: 19/19 MP: 4/11
   617 | D:1      | Reached skill level 5 in Spellcasting
   621 | D:1      | Learned a level 2 spell: Searing Ray
   625 | D:1      | Learned a level 3 spell: Dazzling Spray
   897 | D:2      | Reached XP level 4. HP: 24/24 MP: 1/13
  1001 | D:2      | Reached skill level 6 in Spellcasting
  1146 | D:2      | Noticed Jessica
  1147 | D:2      | Killed Jessica
  1147 | D:2      | Reached skill level 5 in Conjurations
  1327 | D:2      | Noticed Robin
  1353 | D:2      | Killed Robin
  1356 | D:2      | Reached XP level 5. HP: 18/28 MP: 0/15
  2368 | D:2      | Learned a level 4 spell: Iskenderun's Mystic Blast
  2373 | D:2      | Learned a level 4 spell: Force Lance
  2446 | D:3      | Noticed Natasha
  2451 | D:3      | Killed Natasha
  2451 | D:3      | Reached skill level 7 in Spellcasting
  2660 | D:3      | Noticed Natasha
  2673 | D:3      | Killed Natasha
  2696 | D:3      | Noticed Natasha
  2699 | D:3      | Killed Natasha
  2699 | D:3      | Reached skill level 8 in Spellcasting
  2699 | D:3      | Reached XP level 6. HP: 28/32 MP: 6/19
  2802 | D:3      | Noticed Grinder
  3147 | D:3      | Killed Grinder
  3603 | D:3      | Reached XP level 7. HP: 36/36 MP: 17/20
  3694 | D:4      | Noticed Blork the orc
  3694 | D:4      | Noticed Pikel
  3960 | D:4      | Learned a level 4 spell: Fulminant Prism
  4263 | D:4      | Killed Blork the orc
  4345 | D:4      | Found a glowing silver altar of Zin.
  4422 | D:4      | Reached skill level 9 in Spellcasting
  4603 | D:4      | Found a shimmering altar of Xom.
  4649 | D:4      | Found a snail-covered altar of Cheibriados.
  4649 | D:4      | Found a blossoming altar of Fedhas.
  4768 | D:4      | Killed Pikel
  4768 | D:4      | Reached skill level 11 in Spellcasting
  4768 | D:4      | Reached XP level 8. HP: 35/41 MP: 7/25
  4975 | D:5      | Entered Level 5 of the Dungeon
  5078 | D:5      | Found a radiant altar of Vehumet.
  5089 | D:5      | Became a worshipper of Vehumet
  5164 | D:5      | Found a stormy altar of Qazlal.
  5260 | D:5      | Engulfed by a cloud of flame

Vault maps used:
D:1:      mrwooster_arrival_arrow
D:2:      serial_bayou, serial_bayou_pond_d, serial_bayou_lake_a,
          serial_bayou_pond_a, serial_bayou_shore_b, serial_bayou_pond_c,
          hex_medium, minmay_ruptured, uniq_jessica, uniq_robin
D:3:      kennysheep_generic_room_12, uniq_grinder, uniq_natasha
D:4:      zin_statuary, gammafunk_temple_overflow_wave, kennysheep_little_box,
          first_ration, uniq_blork_the_orc, uniq_pikel
D:5:      lemuel_doored_altar, minmay_temple_entry_poolview, serial_shops, shop,
          basic_altar

Skill      XL: |  1  2  3  4  5  6  7 |
---------------+----------------------+-----
Spellcasting   | 4 5 6 8 11 | 11.6
Conjurations   | 5 6 7 |  7.3
Dodging        | |  2.4
Stealth        | |  2.4

Action                   |  1- 3 |  4- 6 |  7- 9 || total
-------------------------+-------+-------+-------++-------
Melee: Short sword       |     3 |     2 |     3 ||     8
 Cast: Magic Dart        |    56 |    69 |    47 ||   172
       Searing Ray       |     2 |    27 |    17 ||    46
       Dazzling Spray    |       |     1 |     4 ||     5
       Iskenderun's Myst |       |     5 |     7 ||    12
       Fulminant Prism   |       |       |     3 ||     3
  Use: Scroll            |     1 |     6 |     1 ||     8
  Eat: Ration            |       |     3 |     1 ||     4
       Chunk             |       |     1 |       ||     1
Armor: Robe              |       |     7 |     1 ||     8
Dodge: Dodged            |     7 |    38 |    21 ||    66

Table legend:
 A = Spawn XP
 B = Non-spawn XP
 C = Spawn XP percentage of total XP
 D = Spawn monster count
 E = Non-spawn monster count
 F = Spawn count percentage of total count
 G = Total turns spent on level
                    A         B        C        D         E        F      G
               +---------+---------+-------+---------+---------+-------+---------
         Total |       0 |    1971 |   0.0 |       0 |     123 |   0.0 |  5260
               +---------+---------+-------+---------+---------+-------+---------
           D:1 |       0 |      56 |   0.0 |       0 |      28 |   0.0 |  1222
           D:2 |       0 |     195 |   0.0 |       0 |      36 |   0.0 |  1302
           D:3 |       0 |     482 |   0.0 |       0 |      28 |   0.0 |  1580
           D:4 |       0 |    1059 |   0.0 |       0 |      20 |   0.0 |   871
           D:5 |       0 |     179 |   0.0 |       0 |      11 |   0.0 |   285
               +---------+---------+-------+---------+---------+-------+---------
